 Dungeon Crawl Stone Soup version 0.28-a0-793-g31680bbd8b (webtiles) character file.

Game seed: 16259927616042544357

39 kae the Caller (level 3, -1/26 HPs)
             Began as a Merfolk Summoner on Nov 4, 2021.
             Slain by a gnoll (8 damage)
             ... on level 1 of the Dungeon.
             The game lasted 00:01:17 (2812 turns).

kae the Caller (Merfolk Summoner)                   Turns: 2812, Time: 00:01:18

Health: -1/26      AC:  3    Str:  8    XL:     3   Next: 45%
Magic:  3/6        EV: 13    Int: 15    God:
Gold:   56         SH:  0    Dex: 14    Spells: 3/6 levels left

rFire   . . .      SeeInvis .   c - +0 short sword
rCold   . . .      Faith    .   (no shield)
rNeg    . . .      Spirit   .   a - +0 robe
rPois   .          Reflect  .   e - +1 hat
rElec   .          Harm     .   (no cloak)
rCorr   .          Rampage  .   (no gloves)
Will    .....                   (no boots)
Stlth   ++........              (no amulet)
HPRegen 0.08/turn               (no ring)
MPRegen 0.10/turn               (no ring)

@: no status effects
A: (nimble swimmer 2), mertail
a: no special abilities


You were on level 1 of the Dungeon.
You visited 1 branch of the dungeon, and saw 2 of its levels.

You collected 56 gold pieces.

Inventory:

Hand Weapons
 c - a +0 short sword (weapon)
Armour
 a - a +0 robe (worn)
 e - a +1 hat (worn)
Potions
 b - a potion of curing {unknown}


   Skills:
 + Level 1.2 Fighting
 + Level 3.2 Dodging
 - Level 2.1 Stealth
 + Level 2.3 Spellcasting
 * Level 4.5 Summonings


You had 3 spell levels left.
You knew the following spells:

 Your Spells              Type           Power      Damage    Failure   Level
a - Summon Small Mammal   Summ           60%        N/A       3%          1
b - Call Imp              Summ           15%        N/A       4%          2

Your spell library contained the following spells:

 Spells                   Type           Power      Damage    Failure   Level
 Call Canine Familiar     Summ           15%        N/A       10%         3
 Summon Guardian Golem    Hex/Summ       8%         N/A       26%         3
 Summon Lightning Spire   Summ/Air       8%         N/A       63%         4


Dungeon Overview and Level Annotations

Branches:
Dungeon (2/15)

Altars:
Ru


Innate Abilities, Weirdness & Mutations

((You are quick and stealthy near water. (Stealth+, EV+, Speed+++)))
Your lower body shifts to a powerful aquatic tail in water.


Message History

Your bat hits the gnoll but does no damage.
Your bat closely misses the gnoll.
The gnoll closely misses your white imp.
Your bat hits the gnoll but does no damage.
Your white imp hits the gnoll.
Your white imp freezes the gnoll.
Your bat hits the gnoll but does no damage. x2
The gnoll barely misses your bat.
Your bat hits the gnoll but does no damage.
Your white imp barely misses the gnoll.
Your bat hits the gnoll but does no damage. x2
The gnoll completely misses your bat.
Your bat hits the gnoll but does no damage.
Your white imp barely misses the gnoll.
Your bat barely misses the gnoll. x2; The gnoll barely misses your bat.
Your bat hits the gnoll but does no damage.
Your white imp hits the gnoll but does no damage.
Your bat hits the gnoll but does no damage. x2
The gnoll hits your bat with a +0 whip!
Your bat dies!
Your bat's corpse disappears in a puff of smoke!
Your white imp barely misses the gnoll.
The gnoll shouts!
The gnoll hits your white imp with a +0 whip.
Your white imp closely misses the gnoll.
The gnoll hits your white imp with a +0 whip!
Your white imp dies!
Your white imp disappears in a puff of smoke!
The gnoll hits you with a +0 whip.
* * * LOW HITPOINT WARNING * * *
You hit the gnoll.
The gnoll is almost dead.
The gnoll completely misses you. The gnoll barely misses you.
Okay, then.
Casting: Call Imp (safe; 4% risk of failure)
Confirm with . or Enter, or press ? or * to list all spells.
A beastly little devil appears in a puff of frigid air.
The gnoll misses you. The gnoll hits you with a +0 whip!
You die...

##.##########.####..#########.#
.................>...#......#.#
################.##..#.####.#.##
#.##............#
#.##.......#รท#..#
#.##....##.#.#..#
#.##.......#.#..#
########.##.....###.#..#
#......5@g..........#..#
#########.############..#####..#
........................# #..#
###.#####.#####.#####.#.# #..#
##...###...###...###..#.# #..#
#.....#.....#.....#...#.## #..#
.#####.......#####....#..# #..#
..###....<....###.....##.# #..#
...#...........#.....###.## #..#


You could see a gnoll (ally target) and a friendly white imp (summoned).

Vanquished Creatures
  A dart slug (D:1)
  A ball python (D:1)
  An endoplasm (D:1)
  A giant cockroach (D:1)
  2 jackals (D:2)
  A kobold (D:1)
  2 bats
9 creatures vanquished.

Vanquished Creatures (collateral kills)
  A gnoll (D:2)
  A dart slug (D:1)
  A ball python (D:2)
  A bat (D:1)
  2 endoplasms (D:1)
  A hobgoblin (D:1)
  3 jackals (D:1)
  A kobold (D:2)
  A goblin (D:1)
  A rat (D:2)
13 creatures vanquished.

Grand Total: 22 creatures vanquished

Notes
Turn   | Place    | Note
-------+----------+-------------------------------------------
     0 | D:1      | kae the Merfolk Summoner began the quest for the Orb.
     0 | D:1      | Reached XP level 1. HP: 13/13 MP: 3/3
   423 | D:1      | Reached XP level 2. HP: 4/20 MP: 3/5
   700 | D:1      | Learned a level 2 spell: Call Imp
  1426 | D:1      | Reached skill level 1 in Fighting
  2175 | D:2      | Reached XP level 3. HP: 15/26 MP: 2/6
  2346 | D:2      | Found a faded altar of an unknown god.
  2606 | D:2      | Found a sacrificial altar of Ru.
  2812 | D:1      | Slain by a gnoll

Illustrated notes

Levels and vault maps discovered:
D:1:      onia_arrival_pyramid, layout_basic, minmay_fountain_box
D:2:      layout_basic, basic_altar, hellmonk_ecumenical_altar_dog_temple,
          minmay_statues_item, uniq_terence

Skill      XL: |  1  2 |
---------------+-------+-----
Dodging        | 3 |  3.2
Fighting       | 1 |  1.2
Stealth        | |  2.1
Spellcasting   | |  2.3
Summonings     | |  4.5

Action                   || total
-------------------------++-------
Melee: Unarmed           ||   101
       Short sword       ||    20
 Cast: Summon Small Mamm ||    13
       Call Imp          ||    17
  Use: Scroll            ||     2
       Potion            ||     1
 Stab: Sleeping          ||     2
Armor: Robe              ||    26
Dodge: Dodged            ||   105

Table legend: (Time is in decaauts)
 A = Elapsed time spent in this place.
 B = Non-inter-level travel time spent in this place.
 C = Inter-level travel time spent in this place.
 D = Time resting spent in this place.
 E = Time spent auto-exploring this place.
 F = Levels seen in this place.
 G = Mean time per level.
                   A        B        C        D        E       F      G
               +--------+--------+--------+--------+--------+-----+--------+
         Total |   2813 |   2645 |    168 |    194 |   2085 |   2 | 1406.5 |
       Dungeon |   2813 |   2645 |    168 |    194 |   2085 |   2 | 1406.5 |
               +--------+--------+--------+--------+--------+-----+--------+

Top non-repeatable levels by time:
     D:1: 2145 daAuts
     D:2: 668 daAuts
